Match 38489867
Unlisted

Match 38489867
End
Royal Engineer Section
Selects Australian Defense Battlegroup
Selects Australian Light Infantry Section
Australian Light Infantry Section
Australian Light Infantry Section
Construct Section Command Post
Infantry Section
Grenade Package
Selects 2-pounder Anti-tank Gun Team
Selects 2-pounder Anti-tank Gun Team
Construct Platoon Command Post
Humber Armored Car
Infantry Section
Construct Field Infirmary
Selects CMP 15cwt Supply Run
Royal Engineer Section
Vickers Machine Gun Team
Selects Hold the Line!
Construct Company Command Post
Foot Guards Section
Matilda II Heavy Tank
Infantry Section
Selects Reinforced Resource Caches
Selects Charged Creeping Barrage
Unlock M3 Grant Medium Tanks
M3 Grant Medium Tank
BIOHAZARD
bolihaimian
0
0

Comments sign in to comment!

No comments posted yet!